 Dungeon Crawl Stone Soup version 0.16.1-12-gf5c4a84 (webtiles) character file.

1782 Magnus the Skirmisher (level 8, -3/67 HPs)
             Began as a Mummy Gladiator on Apr 10, 2015.
             Was a Follower of Kikubaaqudgha.
             Slain by an orc warrior
             ... wielding a +0 battleaxe
              (20 damage)
             ... on level 6 of the Dungeon.
             The game lasted 00:26:40 (8372 turns).

Magnus the Skirmisher (Mummy Gladiator)             Turns: 8372, Time: 00:26:40

Health: -3/67      AC:  7    Str: 20    XL:     8   Next: 81%
Magic:  8/8        EV: 18    Int:  7    God:    Kikubaaqudgha [*.....]
Gold:   309        SH:  0    Dex: 15    Spells: 0 memorised, 7 levels left

rFire  x . .     SeeInvis .     a - +1 long sword
rCold  + . .     Clarity  .     h - +0 ring mail
rNeg   + + +     SustAb   .     (no shield)
rPois  ∞         Gourm    .     c - +1 helmet
rElec  .         Spirit   .     (no cloak)
rCorr  .         Warding  .     (no gloves)
rMut   .         Stasis   .     (no boots)
MR     +....                    (no amulet)
Stlth  +.........               g - +4 ring of evasion
                                f - +3 ring of dexterity

@: somewhat resistant to hostile enchantments, very unstealthy
A: no food or potions, fire vulnerability, restore body, cold resistance 1,
negative energy resistance 3, poison resistance, torment resistance, unbreathing
a: Receive Corpses, Renounce Religion


You were on level 6 of the Dungeon.
You worshipped Kikubaaqudgha.
Kikubaaqudgha was aware of your devotion.
You were not hungry.

You visited 2 branches of the dungeon, and saw 7 of its levels.
You also visited: Ossuary.

You collected 309 gold pieces.

Inventory:

Hand weapons
 a - a +1 long sword (weapon)
Armour
 c - a +1 helmet (worn)
 h - a +0 ring mail (worn)
Jewellery
 f - a +3 ring of dexterity (left hand)
 g - a +4 ring of evasion (right hand)
 l - an uncursed ring of protection from magic
 p - a cursed ring of see invisible
Magical devices
 b - a wand of slowing (21)
 k - a wand of fireball (4)
 q - a wand of confusion (16)
Scrolls
 e - 2 scrolls of identify
 i - 4 scrolls of remove curse
 j - 2 scrolls of amnesia
 m - a scroll of holy word
 n - a scroll of teleportation
Books
 r - Kikubaaqudgha's Disquisition on Necromancy
   (Kikubaaqudgha gifted it to you on level 6 of the Dungeon)

   Spells                             Type                      Level
   a - Animate Skeleton               Necromancy                   1
   b - Pain                           Necromancy                   1
   c - Corpse Rot                     Necromancy                   2
   d - Vampiric Draining              Necromancy                   3
   e - Control Undead                 Necromancy                   4


   Skills:
 + Level 7.0 Fighting
 + Level 5.9 Long Blades
 - Level 1.5 Throwing
 + Level 6.0 Dodging


You had 7 spell levels left.
You didn't know any spells.

Dungeon Overview and Level Annotations

Branches:
Dungeon (6/15)             Temple (1/1) D:5

Altars:
Ashenzari
Fedhas
Gozag
Kikubaaqudgha
Makhleb
Nemelex Xobeh
Okawaru
Qazlal
Ru
Trog
Vehumet
Zin

Annotations:
D:3 SaintRoka's ghost, average FoFi
D:4 exclusion: oklob plant


Innate Abilities, Weirdness & Mutations

You do not eat or drink.
Your flesh is vulnerable to fire.
Your flesh is cold resistant.
You are immune to negative energy.
Your system is resistant to poisons.
You are immune to unholy pain and torment.
You can survive without breathing.


Message History

The orc warrior is almost dead.
The orc warrior hits you with a battleaxe!
* * * LOW HITPOINT WARNING * * *
You closely miss the orc warrior.
The orc warrior is almost dead.
The orc warrior misses you.
An orc wizard appears from thin air!
Reactivating autopickup.
You see here a leather armour.
The orc wizard gestures wildly while chanting.
The orc wizard flickers and vanishes!
Deactivating autopickup; reactivate with Ctrl-A.
There is a stone staircase leading up here.
Read which item? (? for menu, Esc to quit)
Okay, then.
You hit the orc warrior but do no damage.
The orc warrior is severely wounded.
The orc warrior hits you with a battleaxe!!
You die...
Kikubaaqudgha rasps: "You have failed me!
Welcome... oblivion!"

.o.# ###..####..###.....
...###...o.............#
#..........{.[.........##
........#..###..)........
..#...####.# ###.........
.. #.# #.# ###.........
.# #. #..##...........
#......o..####..
##......@..# #.......†..#
...........# #.........#
##.....##..# #..... ....
#..#.. ..### .##.. .##
...


You could see an orc warrior.

Vanquished Creatures
  Grinder (D:4)
  Menkaure (D:5)
  2 centaurs (D:5)
  An ogre (D:4)
  2 elf zombies
  Blork the orc (D:5)
  An elf skeleton (D:4)
  2 scorpions
  2 crimson imps (D:5)
  A giant frog zombie (D:4)
  2 orc priests
  4 human zombies (Ossuary)
  A giant frog skeleton (D:5)
  An iguana (D:5)
  2 human skeletons (D:4)
  3 worker ants
  5 orc wizards
  A big kobold zombie (Ossuary)
  2 mummies (Ossuary)
  5 adders
  A giant mite (D:3)
  A shadow imp (D:5)
  3 worms (D:3)
  An adder skeleton (D:4)
  An adder zombie (Ossuary)
  2 giant geckos (D:5)
  25 orcs
  A ball python (D:3)
  A bat zombie (D:5)
  12 hobgoblins
  11 jackals
  2 quokkas
  6 bats
  8 giant cockroaches
  A giant gecko skeleton (D:4)
  2 giant newts
  13 goblins
  2 goblin zombies (Ossuary)
  11 hobgoblin zombies (Ossuary)
  A jackal zombie (Ossuary)
  11 kobolds
  7 kobold zombies (Ossuary)
  2 orc skeletons (D:4)
  8 orc zombies (Ossuary)
  11 rats
  A rat zombie (Ossuary)
185 creatures vanquished.

Notes
Turn   | Place    | Note
--------------------------------------------------------------
     0 | D:1      | Magnus, the Mummy Gladiator, began the quest for the Orb.
     0 | D:1      | Reached XP level 1. HP: 16/16 MP: 1/1
   227 | D:1      | Reached XP level 2. HP: 5/22 MP: 2/2
  1125 | D:2      | Reached XP level 3. HP: 28/28 MP: 3/3
  1517 | D:3      | Reached skill level 3 in Fighting
  1667 | D:3      | Reached XP level 4. HP: 35/35 MP: 4/4
  1727 | D:3      | Noticed SaintRoka's ghost (average FoFi)
  2872 | D:3      | Reached XP level 5. HP: 25/41 MP: 5/5
  3387 | D:3      | Noticed a scorpion
  3403 | D:3      | Killed a scorpion
  4128 | D:2      | Reached skill level 4 in Fighting
  4593 | D:4      | Noticed Grinder
  4632 | D:4      | Killed Grinder
  4632 | D:4      | Reached XP level 6. HP: 47/49 MP: 6/6
  4820 | D:4      | Reached XP level 7. HP: 44/55 MP: 7/7
  4846 | D:4      | Found a sand-covered staircase.
  4880 | D:4      | Reached skill level 5 in Fighting
  4884 | Ossuary  | Entered an ossuary
  6093 | D:4      | Found a blossoming altar of Fedhas.
  6117 | D:4      | Noticed an oklob plant
  6154 | D:4      | Noticed an ogre
  6162 | D:4      | Killed an ogre
  6162 | D:4      | Reached skill level 5 in Long Blades
  6364 | D:4      | Reached XP level 8. HP: 59/64 MP: 8/8
  6467 | D:4      | Reached skill level 5 in Dodging
  6515 | D:4      | Reached skill level 6 in Fighting
  6707 | D:5      | Entered Level 5 of the Dungeon
  7049 | D:5      | Noticed Blork the orc
  7059 | D:5      | Killed Blork the orc
  7122 | D:5      | Noticed Menkaure
  7140 | D:5      | Killed Menkaure
  7319 | D:5      | Found a staircase to the Ecumenical Temple.
  7343 | Temple   | Entered the Ecumenical Temple
  7363 | Temple   | Became a worshipper of Kikubaaqudgha
  8021 | D:5      | Reached skill level 7 in Fighting
  8280 | D:6      | Acquired Kikubaaqudgha's first power
  8280 | D:6      | Received a gift from Kikubaaqudgha
  8283 | D:6      | Identified Kikubaaqudgha's Disquisition on Necromancy (Kikubaaqudgha gifted it to you on level 6 of the Dungeon)
  8372 | D:6      | Slain by an orc warrior

Action                   |  1- 3 |  4- 6 |  7- 9 || total
-------------------------+-------+-------+-------++-------
Melee: Long sword        |   155 |   260 |   471 ||   886
Throw: Throwing net      |       |     5 |     5 ||    10
  Use: Scroll            |     3 |     4 |    11 ||    18
 Stab: Held in net/web   |       |       |     4 ||     4
